 Dungeon Crawl Stone Soup version 0.24.0-13-gcf9b319 (webtiles) character file.

Game seed: 5864248314120127310, levelgen mode: deterministic

113 Bronimir the Firebug (level 4, -7/31 HPs)
             Began as a Demonspawn Fire Elementalist on Mar 28, 2020.
             Mangled by a gnoll
             ... wielding a +0 whip
              (8 damage)
             ... on level 2 of the Dungeon.
             The game lasted 00:05:36 (2487 turns).

Bronimir the Firebug (Demonspawn Fire Elementalist) Turns: 2487, Time: 00:05:37

Health: -7/31      AC:  2    Str:  9    XL:     4   Next: 65%
Magic:  3/8        EV: 12    Int: 16    God:
Gold:   57         SH:  0    Dex: 14    Spells: 2/8 levels left

rFire    . . .     SeeInvis .   n - +0 mace
rCold    + . .     Gourm    .   (no shield)
rNeg     . . .     Faith    .   o - +0 robe (curse)
rPois    .         Spirit   .   (no helmet)
rElec    .         Reflect  .   (no cloak)
rCorr    .         Harm     .   (no gloves)
MR       .....                  (no boots)
Stlth    +++.......             (no amulet)
HPRegen  0.10/turn              (no ring)
MPRegen  0.11/turn              (no ring)

@: no status effects
A: cold resistance 1, nightstalker 1, freezing cloud immunity
a: no special abilities


You were on level 2 of the Dungeon.
You were hungry.

You visited 1 branch of the dungeon, and saw 2 of its levels.

You collected 57 gold pieces.

Inventory:

Hand Weapons
 a - a +0 whip
 b - a +0 club
 n - a +0 mace (weapon)
Missiles
 d - 90 stones (quivered)
 m - 19 bolts
Armour
 e - a +0 robe
 o - a cursed +0 robe (worn)
Scrolls
 f - a scroll of amnesia {unknown}
 h - a scroll of random uselessness {unknown}
 j - a scroll of remove curse {unknown}
 k - 2 scrolls of identify {unknown}
 l - a scroll of fog {unknown}
Potions
 g - a potion of flight
 i - a potion of lignification {unknown}
Comestibles
 c - 3 rations


   Skills:
 + Level 0.4 Fighting
 + Level 0.1 Maces & Flails
 + Level 2.1 Dodging
 - Level 2.1 Stealth
 * Level 2.8 Spellcasting
 * Level 2.1 Conjurations
 * Level 3.6 Fire Magic


You had 2 spell levels left.
You knew the following spells:

 Your Spells              Type           Power        Failure   Level  Hunger
a - Flame Tongue          Conj/Fire      ##...        6%          1    #......
b - Throw Flame           Conj/Fire      ##....       9%          2    ##.....
c - Conjure Flame         Conj/Fire      ##......     17%         3    ###....

Your spell library contained the following spells:

 Spells                   Type           Power        Failure   Level  Hunger
 Inner Flame              Hex/Fire       #.......     26%         3    ###....
 Sticky Flame             Conj/Fire      ##......     50%         4    #####..
 Fireball                 Conj/Fire      ##........   85%         5    ######.


Dungeon Overview and Level Annotations

Branches:
Dungeon (2/15)

Altars:


Innate Abilities, Weirdness & Mutations

Your flesh is cold resistant. (rC+)
You are slightly more attuned to the shadows.
You are immune to freezing clouds.


Message History

The gnoll hits you from afar with a +0 halberd!
Casting: Flame Tongue (safe; 6% risk of failure)
Confirm with . or Enter, or press ? or * to list all spells.
Aiming: Flame Tongue (safe; 6% risk of failure)
Press: ? - help, Shift-Dir - straight line, f/p - gnoll
Aim: a gnoll, wielding a +0 halberd (almost dead)
The flame tongue hits the gnoll but does no damage.
The gnoll is almost dead.
The gnoll hits you from afar with a +0 halberd.
Casting: Flame Tongue (safe; 6% risk of failure)
Confirm with . or Enter, or press ? or * to list all spells.
Aiming: Flame Tongue (safe; 6% risk of failure)
Press: ? - help, Shift-Dir - straight line, f/p - gnoll
Aim: a gnoll, wielding a +0 halberd (almost dead)
The flame tongue hits the gnoll.
The gnoll is heavily wounded.
The gnoll hits you from afar with a +0 halberd!
* * * LOW HITPOINT WARNING * * *
The gnoll hits you with a +0 whip!
You die...

######### ##### ...#...
....### #.#.######..
###...# ###...#......#
###.#######.......##
#................#
####............#...#
##........#......###...
........##..ggg@..#
#...
.#########g#......# #..
...#######(######## ..
#....#g(g.# ##g(g####
#.. #..g..# #.# #(###.#
#.# ## ......# #.##
##.# ####.# ......#
#..########..## #..†.#


You could see 4 gnolls.

Vanquished Creatures
  Natasha (twice) (D:1)
  An adder (D:1)
  An ooze (D:2)
  A worm (D:2)
  A dart slug (D:2)
  3 leopard geckos
  A ball python (D:1)
  A giant cockroach (D:1)
  8 hobgoblins
  8 kobolds
  2 bats (D:1)
  9 goblins
  3 rats (D:1)
41 creatures vanquished.

Notes
Turn   | Place    | Note
-------+----------+-------------------------------------------
     0 | D:1      | Bronimir the Demonspawn Fire Elementalist began the quest
                  | for the Orb.
     0 | D:1      | Reached XP level 1. HP: 13/13 MP: 3/3
   312 | D:1      | Reached skill level 3 in Fire Magic
   319 | D:1      | Gained mutation: Your flesh is cold resistant. (rC+)
                  | [demonic ancestry]
   319 | D:1      | Reached XP level 2. HP: 14/19 MP: 0/5
   415 | D:1      | Learned a level 2 spell: Throw Flame
  1007 | D:1      | Gained mutation: You are slightly more attuned to the
                  | shadows. [demonic ancestry]
  1007 | D:1      | Reached XP level 3. HP: 24/24 MP: 4/6
  1336 | D:2      | Noticed Natasha
  1453 | D:1      | Killed Natasha
  1454 | D:1      | Gained mutation: You are immune to freezing clouds.
                  | [demonic ancestry]
  1454 | D:1      | Reached XP level 4. HP: 22/31 MP: 2/7
  1592 | D:1      | Noticed Natasha
  1603 | D:1      | Killed Natasha
  1924 | D:2      | Learned a level 3 spell: Conjure Flame
  2487 | D:2      | HP: 1/31 [gnoll/+0 halberd (11)]
  2487 | D:2      | Mangled by a gnoll

Levels and vault maps discovered:
D:1:      dpeg_arrival_oval, layout_rooms, serial_curves, eino_curves_02,
          eino_curves_04, chequers_garden
D:2:      layout_rooms, uniq_natasha

Skill      XL: |  1  2  3  4 |
---------------+-------------+-----
Fire Magic     | 3 |  3.6
Stealth        | 2 |  2.1
Dodging        | 2 |  2.1
Conjurations   | 2 |  2.1
Fighting       | |  0.4
Maces & Flails | |  0.1
Spellcasting   | |  2.8

Action                   |  1- 3 |  4- 6 || total
-------------------------+-------+-------++-------
Melee: Whip              |    26 |     5 ||    31
       Club              |     5 |       ||     5
       Mace              |       |    11 ||    11
 Cast: Flame Tongue      |    51 |    18 ||    69
       Throw Flame       |       |     4 ||     4
  Use: Potion            |     1 |       ||     1
 Stab: Sleeping          |       |     1 ||     1
  Eat: Chunk             |     2 |     3 ||     5
Armor: Robe              |    10 |     3 ||    13
Dodge: Dodged            |    42 |    18 ||    60
